 Dungeon Crawl Stone Soup version 0.29.1-1-gd02db6906a (webtiles) character file.

Game seed: 9530896645241975861

1379 RogueRain17 the Destroyer (level 8, -3/52 HPs)
             Began as a Demonspawn Conjurer on Oct 1, 2022.
             Slain by a sky beast (6 damage)
             ... on level 5 of the Dungeon.
             The game lasted 00:12:57 (5356 turns).

RogueRain17 the Destroyer (Demonspawn Conjurer)     Turns: 5356, Time: 00:12:58

Health: -3/52      AC:  2    Str:  8    XL:     8   Next: 39%
Magic:  4/11       EV: 12    Int: 22    God:
Gold:   186        SH:  0    Dex: 11    Spells: 8/11 levels left

rFire   . . .      SeeInvis .   e - +0 dagger
rCold   . . .      Faith    .   (no shield)
rNeg    . . .      Spirit   .   a - +0 robe
rPois   .          Reflect  .   (no helmet)
rElec   .          Harm     .   (no cloak)
rCorr   .          Rampage  .   (no gloves)
Will    .....                   (no boots)
Stlth   ++........              (no amulet)
HPRegen 0.17/turn               (no ring)
MPRegen 0.12/turn               (no ring)

@: about to teleport, very slightly contaminated
A: powered by pain 1, demonic magic 2, bedeviling, demonic touch 2
a: no special abilities


You were on level 5 of the Dungeon.
You visited 1 branch of the dungeon, and saw 5 of its levels.

You collected 186 gold pieces.

Inventory:

Hand Weapons
 e - a +0 dagger (weapon)
 p - the +2 whip of the Endless Expanse {freeze, Fragile rF+ Str+5}
   (You found it on level 3 of the Dungeon)

   It freezes those it strikes, dealing additional cold damage.
   It can also slow down cold-blooded creatures.
   Str:       It affects your strength (+5).
   rF:        It protects you from fire.
   Fragile:   It will be destroyed if unequipped.
Missiles
 t - a throwing net
Armour
 a - a +0 robe (worn)
Magical Staves
 h - a staff of conjuration
Jewellery
 o - a ring of protection from cold
Wands
 u - a wand of mindburst (11)
Scrolls
 f - a scroll of enchant armour {unknown}
 j - a scroll of blinking {unknown}
 l - 2 scrolls of identify {unknown}
 m - 3 scrolls of poison {unknown}
 q - a scroll of butterflies {unknown}
 s - a scroll of fear {unknown}
 v - 2 scrolls of vulnerability {unknown}
 w - a scroll of noise {unknown}
Potions
 b - a potion of magic
 d - 3 potions of heal wounds {unknown}
 g - a potion of cancellation {unknown}
 i - a potion of haste {unknown}
 k - a potion of might {unknown}
 n - a potion of degeneration {unknown}
 r - a potion of ambrosia {unknown}
 x - a potion of curing {unknown}
 z - a potion of resistance {unknown}


   Skills:
 + Level 6.2 Short Blades
 - Level 1.7 Dodging
 - Level 1.7 Stealth
 - Level 2.0 Spellcasting
 + Level 8.7 Conjurations


You had 8 spell levels left.
You knew the following spells:

 Your Spells              Type           Power      Damage    Failure   Level
a - Magic Dart            Conj           100%       1d8       1%          1
b - Searing Ray           Conj           80%        2d7       1%          2

Your spell library contained the following spells:

 Spells                   Type           Power      Damage    Failure   Level
 Dazzling Flash           Conj/Hex       64%        N/A       7%          3
 Stone Arrow              Conj/Erth      42%        3d9       7%          3
 Mephitic Cloud           Conj/Pois/Air  14%        N/A       13%         3
 Sandblast                Erth           4%         2d4       14%         1
 Blink                    Tloc           4%         N/A       21%         2
 Passwall                 Tmut/Erth      1%         N/A       21%         2
 Sublimation of Blood     Necr           2%         N/A       21%         2
 Wereblood                Tmut           2%         N/A       21%         2
 Fulminant Prism          Conj/Hex       16%        3d11      22%         4
 Iskenderun's Mystic Bla  Conj/Tloc      21%        2d6       22%         4
 Frozen Ramparts          Ice            4%         1d1       38%         3
 Ignite Poison            Fire/Tmut/Pois 2%         N/A       38%         3
 Ozocubu's Armour         Ice            2%         N/A       38%         3
 Tukima's Dance           Hex            3%         N/A       38%         3
 Freezing Cloud           Conj/Ice/Air   7%         6-21      75%         5
 Ice Form                 Ice/Tmut       2%         N/A       80%         4
 Passage of Golubria      Tloc           2%         N/A       80%         4
 Summon Ice Beast         Ice/Summ       2%         N/A       80%         4
 Manifold Assault         Tloc           2%         N/A       98%         5
 Yara's Violent Unravell  Hex/Tmut       1%         3d3       98%         5
 Dispersal                Tloc           1%         N/A       100%        6
 Malign Gateway           Summ/Tloc      1%         N/A       100%        7
 Ozocubu's Refrigeration  Ice            1%         4d7       100%        7
 Storm Form               Tmut/Air       1%         N/A       100%        7
 Summon Hydra             Summ           1%         N/A       100%        7
 Disjunction              Tloc           1%         N/A       100%        8
 Summon Horrible Things   Summ           1%         N/A       100%        8


Dungeon Overview and Level Annotations

Branches:
Dungeon (5/15)
 Temple: D:4-7

Altars:

Shops:
D:5 *


Innate Abilities, Weirdness & Mutations

You sometimes gain a little power by taking damage.
Spells you cast may paralyse nearby enemies.
Your hexes are more powerful.
Your touch may inflict irresistible damage on your foes.


Message History

Press: ? - help, Shift-Dir - straight line, f/p - sky beast
Aim: a sky beast (100% to hit)
The magic dart hits the sky beast.
The sky beast is lightly wounded.
Malevolent energies surge around you.
The sky beast hits you but does no damage.
Casting: Magic Dart (safe; 1% risk of failure)
Confirm with . or Enter, or press ? or * to list all spells.
Aiming: Magic Dart (safe; 1% risk of failure)
Press: ? - help, Shift-Dir - straight line, f/p - sky beast
Aim: a sky beast (lightly wounded, 100% to hit)
You miscast Magic Dart.
You are very lightly contaminated with residual magic.
Nothing appears to happen.
The sky beast hits you. The sky beast shocks you.
Unknown command.
As you read the scroll labelled CIEWOAZOON, it crumbles to dust.
You feel strangely unstable.
It was a scroll of teleportation.
The sky beast hits you.
* * * LOW HITPOINT WARNING * * *
The sky beast shocks you.
* * * LOW HITPOINT WARNING * * *
Casting: Magic Dart (safe; 1% risk of failure)
Confirm with . or Enter, or press ? or * to list all spells.
Aiming: Magic Dart (safe; 1% risk of failure)
Press: ? - help, Shift-Dir - straight line, f/p - sky beast
Aim: a sky beast (lightly wounded, 100% to hit)
The magic dart hits the sky beast.
The sky beast is moderately wounded.
Malevolent energies surge around you. The sky beast barely misses you.
Casting: Magic Dart (safe; 1% risk of failure)
Confirm with . or Enter, or press ? or * to list all spells.
Aiming: Magic Dart (safe; 1% risk of failure)
Press: ? - help, Shift-Dir - straight line, f/p - sky beast
Aim: a sky beast (moderately wounded, 100% to hit)
The magic dart hits the sky beast but does no damage.
The sky beast is moderately wounded.
Malevolent energies surge around you. The sky beast hits you.
* * * LOW HITPOINT WARNING * * *
The sky beast shocks you.
You die...

###...###.... .......
...8........#####.......
#.))# #...#...##....... #†#
#............... #†#
#...........### ##.##
#...........#.. ##...##
#..............
###.....####..............
..........@Y..#.##.........
######..........##.......#.
#############.......#.
#.......#. #.......#.
#.......#. #########. #.


You could see a sky beast.

Vanquished Creatures
  A gargoyle (D:5)
  A kobold demonologist (D:5)
  2 black bears
  A scorpion (D:5)
  A necrophage (D:4)
  2 hounds (D:5)
  5 iguanas
  Terence (D:2)
  2 orc wizards
  7 gnolls
  6 adders
  3 shadow imps (D:5)
  3 ufetubi
  3 worms
  4 dart slugs
  9 orcs
  12 ball pythons
  4 bats
  6 endoplasms
  6 giant cockroaches
  4 goblins
  8 hobgoblins
  6 jackals
  4 quokkas
  10 kobolds
  4 rats
115 creatures vanquished.

Notes
Turn   | Place    | Note
-------+----------+-------------------------------------------
     0 | D:1      | RogueRain17 the Demonspawn Conjurer began the quest for the
                  | Orb.
     0 | D:1      | Reached XP level 1. HP: 13/13 MP: 3/3
   286 | D:1      | Gained mutation: Spells you cast may paralyse adjacent
                  | enemies. [demonic ancestry]
   286 | D:1      | Reached XP level 2. HP: 19/19 MP: 1/5
   942 | D:2      | Reached skill level 5 in Conjurations
   991 | D:2      | Noticed Terence
   998 | D:2      | Gained mutation: Your touch may inflict minor irresistible
                  | damage on your foes. [demonic ancestry]
   998 | D:2      | Reached XP level 3. HP: 24/24 MP: 4/6
  1034 | D:2      | Killed Terence
  1035 | D:2      | Reached skill level 1 in Short Blades
  1320 | D:2      | Reached XP level 4. HP: 28/30 MP: 2/7
  1440 | D:2      | Found a faded altar of an unknown god.
  2595 | D:3      | Identified the +2 whip of the Endless Expanse {freeze,
                  | Fragile rF+ Str+5}
  2604 | D:3      | Gained mutation: Your touch may inflict irresistible damage
                  | on your foes. [demonic ancestry]
  2604 | D:3      | Reached XP level 5. HP: 35/35 MP: 3/8
  3267 | D:4      | Reached skill level 6 in Conjurations
  3367 | D:4      | Learned a level 2 spell: Searing Ray
  3468 | D:4      | Gained mutation: Spells you cast may paralyse nearby
                  | enemies. [demonic ancestry]
  3468 | D:4      | Reached XP level 6. HP: 33/41 MP: 1/9
  4398 | D:5      | Entered Level 5 of the Dungeon
  4516 | D:5      | Noticed a sky beast
  4729 | D:5      | Reached skill level 7 in Conjurations
  4729 | D:5      | Gained mutation: You sometimes gain a little power by
                  | taking damage. [demonic ancestry]
  4729 | D:5      | Reached XP level 7. HP: 46/46 MP: 8/10
  5163 | D:5      | Found Baasir's General Store.
  5198 | D:5      | Noticed a kobold demonologist
  5207 | D:5      | Reached skill level 5 in Short Blades
  5215 | D:5      | Killed a kobold demonologist
  5216 | D:5      | Reached skill level 8 in Conjurations
  5216 | D:5      | Gained mutation: Your hexes are more powerful. [demonic
                  | ancestry]
  5216 | D:5      | Reached XP level 8. HP: 52/52 MP: 6/11
  5223 | D:5      | Noticed a gargoyle
  5229 | D:5      | Killed a gargoyle
  5356 | D:5      | Slain by a sky beast

Illustrated notes

Levels and vault maps discovered:
D:1:      minmay_arrival_nine_rooms, layout_basic, minmay_quantized
D:2:      layout_basic, hellmonk_ecumenical_altar_dog_temple,
          minmay_diced_spiral, uniq_terence
D:3:      layout_loops_ring
D:4:      layout_basic, minmay_stone_trees_small
D:5:      cheibrodos_barr_body, layout_basic, serial_shops, nicolae_shop_trees,
          st_stairs_8, minmay_increasing_density

Skill      XL: |  1  2  3  4  5  6  7  8 |
---------------+-------------------------+-----
Conjurations   | 5 6 7 8 |  8.7
Short Blades   | 1 2 3 4 5 6 |  6.2
Dodging        | |  1.7
Stealth        | |  1.7
Spellcasting   | |  2.0

Action                   |  1- 3 |  4- 6 |  7- 9 || total
-------------------------+-------+-------+-------++-------
Melee: Unarmed           |    11 |       |       ||    11
       Dagger            |    13 |    44 |    21 ||    78
       Touch             |     2 |     4 |     1 ||     7
 Cast: Magic Dart        |    62 |   148 |    30 ||   240
Evoke: Wand              |       |       |     1 ||     1
  Use: Scroll            |       |       |     1 ||     1
 Stab: Paralysed         |    10 |    23 |    17 ||    50
Armor: Robe              |    11 |    10 |     1 ||    22
Dodge: Dodged            |    29 |    29 |    11 ||    69
